[Event "LAT-ch Women 2017"]
[Site "Riga"]
[Date "2017.10.10"]
[Round "7"]
[White "Erneste, Inguna"]
[Black "Krumina, Linda"]
[Result "1-0"]
[ECO "C08"]
[WhiteElo "2133"]
[BlackElo "2096"]
[Annotator "ChessBase"]
[PlyCount "56"]
[EventDate "2017.??.??"]
[EventType "swiss"]
[EventCountry "LAT"]
[SourceTitle "playchess.com"]
[Source "ChessBase"]
[SourceQuality "1"]
[TimeControl "5400+30"]

1. e4 e6 2. d4 d5 3. Nd2 c5 4. exd5 exd5 5. dxc5 Bxc5 6. Nb3 Bb6 7. Nf3 Ne7 8. Be2 Nbc6 9. O-O O-O 10. c3 Ng6 11. h3 Bf5 12. Nfd4 Be4 13. f3 Bf5 14. Kh2 Qd6+ 15. g3 Nxd4 16. Nxd4 Bd7 17. f4 Rad8 18. Bf3 Rfe8 19. Bg2 Bxd4 20. Qxd4 Re2 21. Bd2 Ne7 22. Rae1 Nf5 23. Qd3 Rxe1 24. Rxe1 Be6 25. Be3 h5 26. Bc1 b6 27. Rd1 Qc5 28. Re1 Qc4 1-0

[Event "LAT-ch Women 2017"]
[Site "Riga"]
[Date "2017.10.10"]
[Round "7"]
[White "Sarnovska, Eira"]
[Black "Dombrovska, Stefanija"]
[Result "1/2-1/2"]
[ECO "A09"]
[WhiteElo "1727"]
[BlackElo "1673"]
[Annotator "NA"]
[PlyCount "87"]
[EventDate "2017.??.??"]
[EventType "swiss"]
[EventCountry "LAT"]
[SourceTitle "playchess.com"]
[Source "ChessBase"]
[SourceQuality "1"]
[TimeControl "5400+30"]

1. Nf3 d5 2. c4 d4 3. g3 c5 4. d3 Nc6 5. Bg2 e5 6. O-O Nf6 7. Bg5 Be7 8. Nbd2 h6 9. Bxf6 Bxf6 10. a3 O-O 11. Rb1 a5 12. Qc2 Qc7 13. e3 Bf5 14. exd4 exd4 15. Rfe1 Rfe8 16. Ne4 Bxe4 17. dxe4 Rad8 18. Qd3 a4 19. b3 axb3 20. Rxb3 Na5 21. Rb5 b6 22. Reb1 Rb8 23. Nd2 g5 24. Qf3 Kg7 25. Qg4 Qd6 26. f4 Qe6 27. Qxe6 fxe6 28. e5 Be7 29. Rxb6 Rxb6 30. Rxb6 Bd8 31. Rb5 gxf4 32. gxf4 Rf8 33. Rxc5 Rxf4 34. Rc8 Bh4 35. Nf3 d3 36. Rc7+ Kg6 37. Rd7 Nxc4 38. Rxd3 Be7 39. Kh1 Bxa3 40. Bh3 Bb2 41. Bxe6 Nxe5 42. Nxe5+ Bxe5 43. Rd2 Kf6 44. Bc8 1/2-1/2

[Event "LAT-ch Women 2017"]
[Site "Riga"]
[Date "2017.10.10"]
[Round "7"]
[White "Golsta, Madara"]
[Black "Parhomenko, Margarita"]
[Result "1-0"]
[ECO "B16"]
[WhiteElo "1716"]
[BlackElo "1919"]
[Annotator "NA"]
[PlyCount "65"]
[EventDate "2017.??.??"]
[EventType "swiss"]
[EventCountry "LAT"]
[SourceTitle "playchess.com"]
[Source "ChessBase"]
[SourceQuality "1"]
[TimeControl "5400+30"]

1. e4 c6 2. d4 d5 3. Nd2 dxe4 4. Nxe4 Nf6 5. Nxf6+ gxf6 6. c3 Bf5 7. Nf3 Nd7 8. g3 Nb6 9. Bg2 {[%emt 0:02:09] B16: Caro-Kann: Bronstein-Larsen Variation} Qd7 10. O-O Bh3 (10... O-O-O 11. a4 Nd5 12. Bd2 e6 13. Re1 Kb8 14. b4 Bg4 15. Qb3 Nc7 16. Bf4 Bd6 17. Bxd6 Qxd6 {1-0 (31) Fernandez Romero,E (2449)-Campora,D (2545) Dos Hermanas 2005}) 11. Qe2 Bxg2 12. Kxg2 O-O-O $146 ({Predecessor:} 12... h5 13. Rd1 O-O-O 14. c4 h4 15. Bf4 hxg3 16. Bxg3 Qh3+ {1-0 (38) Abdulyazanov,M (2332)-Gusakov,V (2276) Uljanovsk 2007}) 13. Bf4 Rg8 14. a4 Qg4 15. Bd2 e5 (15... Nd5 $142) 16. h3 ({Much worse is} 16. dxe5 $6 Nc4 $11) (16. a5 $16 Nd7 17. Rfe1) 16... Qe6 $1 17. Rfe1 Bd6 18. a5 Nd7 19. a6 b6 20. b4 Rge8 21. b5 e4 22. Nh4 Qd5 (22... Bc7 $142 23. bxc6 Qxc6) 23. c4 Qxd4 {[%emt 0:00:43] [#]} 24. Nf5 $1 ({Inferior is} 24. bxc6 Ne5 $11) 24... Qc5 {[%emt 0:01:15] [#]} 25. Ng7 $1 Rg8 26. Be3 Qe5 27. Bf4 Qc5 28. Bxd6 Qxd6 29. Nf5 Qc5 30. Qxe4 Ne5 31. bxc6 Rd2 32. Rf1 Qxc6 $2 (32... Kc7 $16) 33. Ne7+ $18 1-0

[Event "LAT-ch Women 2017"]
[Site "Riga"]
[Date "2017.10.10"]
[Round "7"]
[White "Vainovska, Valentina"]
[Black "Zalcmane, Vija"]
[Result "1/2-1/2"]
[ECO "E21"]
[WhiteElo "1676"]
[BlackElo "1533"]
[Annotator "NA"]
[PlyCount "49"]
[EventDate "2017.??.??"]
[EventType "swiss"]
[EventCountry "LAT"]
[SourceTitle "playchess.com"]
[Source "ChessBase"]
[SourceQuality "1"]
[TimeControl "5400+30"]

1. d4 Nf6 2. Nf3 e6 3. c4 b6 4. Nc3 Bb7 5. e3 Bb4 6. Bd2 O-O 7. Bd3 d5 8. O-O Nbd7 9. Nxd5 Nxd5 10. cxd5 Bxd2 11. Qxd2 exd5 12. Rac1 c5 13. b3 Rc8 14. Qe2 Rc7 15. Rfd1 Qe7 16. g3 g6 17. h4 h5 18. Ng5 Nf6 19. Nf3 Ng4 20. Rc2 Rfc8 21. Rdc1 Kg7 22. Kg2 Re8 23. Bb5 Rec8 24. Bd3 Re8 25. Bb5 1/2-1/2

[Event "LAT-ch Women 2017"]
[Site "Riga"]
[Date "2017.10.10"]
[Round "7"]
[White "Osobskaja, Zinaida"]
[Black "Ungure, Liga"]
[Result "1/2-1/2"]
[ECO "E94"]
[WhiteElo "1646"]
[BlackElo "1923"]
[Annotator "NA"]
[PlyCount "88"]
[EventDate "2017.??.??"]
[EventType "swiss"]
[EventCountry "LAT"]
[SourceTitle "playchess.com"]
[Source "ChessBase"]
[SourceQuality "1"]
[TimeControl "5400+30"]

1. Nf3 Nf6 2. c4 g6 3. d4 Bg7 4. Nc3 O-O 5. e4 d6 6. Be2 e5 7. O-O exd4 8. Nxd4 Re8 9. f3 Nc6 10. Be3 Nh5 11. Nxc6 bxc6 12. Qd2 c5 13. Rad1 {[%emt 0:00:41] E94: Königsindisch (Klassisches System)} Bb7 14. Bd3 $146 ({Vorgänger:} 14. Nd5 Qb8 15. Rb1 a5 16. Kh1 Nf6 17. Rfe1 Bc6 18. Bd3 Nd7 19. Bg5 Bxd5 20. exd5 Qb4 21. Rxe8+ Rxe8 {½-½ (41) Aranha Filho,A (2289)-Matsuura,E (2486) Blumenau 2015}) 14... Qb8 15. Ne2 Bc6 16. b3 a5 17. Rb1 Qb4 18. a4 Reb8 19. Bc2 Qxd2 20. Bxd2 Nf6 21. Bc3 Nd7 22. Bxg7 Kxg7 23. Rbd1 Re8 24. Nc3 Nf8 25. Rfe1 Ne6 26. Ne2 Re7 27. Kf2 h5 28. h4 f6 29. g3 Rae8 30. Rh1 Nd8 31. Nf4 Ne6 32. Nxe6+ Rxe6 33. Rde1 R6e7 34. Bd1 Bb7 $15 35. Reg1 Bc8 36. Bc2 Bd7 37. Rd1 Bc8 38. Rhe1 Bb7 39. Re3 Bc8 40. Rde1 Bd7 41. Bd1 Bc6 42. Bc2 Bd7 43. Rg1 Bc6 44. Rge1 f5 1/2-1/2

[Event "LAT-ch Women 2017"]
[Site "Riga"]
[Date "2017.10.10"]
[Round "7"]
[White "Ter-Avetisjana, Agnesa Stepania"]
[Black "Limanovska, Elizabete"]
[Result "0-1"]
[ECO "B90"]
[WhiteElo "1319"]
[BlackElo "1972"]
[Annotator "NA"]
[PlyCount "100"]
[EventDate "2017.??.??"]
[EventType "swiss"]
[EventCountry "LAT"]
[SourceTitle "playchess.com"]
[Source "ChessBase"]
[SourceQuality "1"]
[TimeControl "5400+30"]

1. e4 c5 2. Nf3 d6 3. d4 cxd4 4. Nxd4 Nf6 5. Nc3 a6 6. Bd3 e5 7. Nb3 Be7 8. Bg5 {[%emt 0:01:22] B90: Sizilianisch (Najdorf-Variante, Abweichungen)} (8. O-O O-O 9. Re1 Nc6 10. Bf1 Be6 11. Nd5 a5 12. c4 a4 13. Nd2 Nd4 14. Nxe7+ Qxe7 15. Nb1 Qc7 {1-0 (56) Rogos,J (2380)-Norrelykke,S (2337) ICCF email 2012}) 8... Be6 9. Bxf6 Bxf6 10. Nd5 Bg5 11. h4 $146 ({Vorgänger:} 11. O-O O-O 12. c4 Nc6 13. g3 Rc8 14. Kh1 Bh3 15. Rg1 f5 16. exf5 Bxf5 17. Bxf5 Rxf5 {0-1 (33) Kocyigit,B (1486)-Hatipli,M (1791) Manavgat 2016}) 11... Bh6 12. g4 Bxd5 13. exd5 Bf4 14. Qe2 Nd7 15. c4 O-O 16. Qc2 h6 17. Ke2 Re8 18. Nd2 {[%emt 0:02:00] [#]} (18. Bh7+ $17 Kf8 19. Bf5) 18... Nc5 (18... Bxd2 $1 $19 19. Kxd2 Qb6) 19. Rag1 {[%emt 0:03:06] [#]} (19. Ne4 $15) 19... b5 $1 20. cxb5 $2 {[%emt 0:01:21] [#]} (20. b3 $17) 20... Nxd3 $2 (20... e4 $1 $19 {[%mdl 512] has better winning chances.} 21. Nxe4 Rc8) 21. Qxd3 axb5 22. Qxb5 $2 (22. a3) 22... Rb8 23. Qa4 Rxb2 24. Rd1 Qa8 25. Qd7 (25. Qxa8 $142 Rxa8 26. Rh3) 25... e4 26. Qf5 e3 (26... Qa6+ $142 27. Ke1 e3 28. Nc4 exf2+ 29. Kf1 Qxc4+ 30. Qd3 Qxd3+ 31. Rxd3 Re1+ 32. Kg2 f1=Q#) 27. Qxf4 exd2+ (27... Rxd2+ $142 28. Rxd2 exd2+ 29. Kd1 Qxa2) 28. Kf3 Qxd5+ 29. Kg3 Rxa2 30. Rhf1 g5 31. hxg5 hxg5 32. Qf3 Qc5 33. Qd3 Ra3 34. Rxd2 Rxd3+ 35. Rxd3 Qe5+ 36. Kh3 Re6 (36... Qe2 $142 37. Rg1 Qxf2 38. Ra1 Qh4+ 39. Kg2 Re2+ 40. Kg1 Qh2+ 41. Kf1 Qg2#) 37. Rfd1 Rh6+ 38. Kg2 Rh2+ 39. Kf1 Rh1+ (39... Qe4 $142 40. Re3 Qc2 41. Rd2 Qxd2 42. Re2 Qd3 43. Kg1 Qh3 44. Re8+ Kh7 45. Rh8+ Kxh8 46. f4 Qg2#) 40. Kg2 Qe4+ 41. Kg3 Qf4+ 42. Kg2 Rxd1 43. Rxd1 Qxg4+ 44. Kf1 Qxd1+ 45. Kg2 Kg7 46. Kg3 Kg6 47. f3 Qg1+ 48. Kh3 f5 (48... Kh5 $142 49. f4 g4#) 49. f4 g4+ 50. Kh4 Qh2# (50... Qe1# $142) 0-1